 Dungeon Crawl Stone Soup version 0.29-a0-362-g5854e031c7 (webtiles) character file.

Game seed: 17575366345972778903

81 spaghetti the Slinger (level 4, -1/34 HPs)
             Began as a Gnoll Wanderer on Apr 29, 2022.
             Slain by a gnoll
             ... wielding a +0 halberd
              (13 damage)
             ... on level 3 of the Dungeon.
             The game lasted 00:02:29 (1608 turns).

spaghetti the Slinger (Gnoll Wanderer)              Turns: 1608, Time: 00:02:29

Health: -1/34      AC:  5    Str: 13    XL:     4   Next: 42%
Magic:  5/5        EV: 11    Int: 12    God:
Gold:   118        SH:  0    Dex: 11    Spells: 2/5 levels left

rFire   . . .      SeeInvis .   b - +2 spear (venom) {polearm}
rCold   . . .      Faith    .   (no shield)
rNeg    . . .      Spirit   .   e - +0 leather armour
rPois   .          Reflect  .   t - +0 helmet
rElec   .          Harm     .   c - +0 cloak
rCorr   .          Rampage  .   (no gloves)
Will    .....                   (no boots)
Stlth   +++.......              (no amulet)
HPRegen 0.11/turn               (no ring)
MPRegen 0.09/turn               (no ring)

@: no status effects
A: fangs 1, strong nose, distributed training
a: no special abilities


You were on level 3 of the Dungeon.
You visited 1 branch of the dungeon, and saw 3 of its levels.

You collected 118 gold pieces.


Innate Abilities, Weirdness & Mutations

You have very sharp teeth.
Your uncanny sense of smell can sniff out nearby items.
Your experience applies equally to all skills.


   Skills:
 + Level 2.7 Fighting
 + Level 1.1 Short Blades
 + Level 1.1 Long Blades
 + Level 1.1 Axes
 + Level 1.1 Maces & Flails
 + Level 1.1 Polearms
 + Level 1.1 Staves
 + Level 8.5 Slings
 + Level 1.1 Bows
 + Level 1.1 Crossbows
 + Level 1.1 Throwing
 + Level 1.1 Armour
 + Level 1.1 Dodging
 + Level 6.0 Stealth
 + Level 1.1 Shields
 + Level 4.6 Unarmed Combat
 + Level 1.1 Spellcasting
 + Level 0.9 Conjurations
 + Level 0.9 Hexes
 + Level 0.9 Summonings
 + Level 0.9 Necromancy
 + Level 0.9 Translocations
 + Level 0.9 Transmutations
 + Level 0.9 Fire Magic
 + Level 0.9 Ice Magic
 + Level 0.9 Air Magic
 + Level 0.9 Earth Magic
 + Level 0.9 Poison Magic
 + Level 1.2 Invocations
 + Level 1.1 Evocations


You had 2 spell levels left.
You knew the following spells:

 Your Spells              Type           Power      Damage    Failure   Level
a - Call Canine Familiar  Summ           2%         N/A       61%         3

Your spell library contained the following spells:

 Spells                   Type           Power      Damage    Failure   Level
 Sublimation of Blood     Necr           2%         N/A       36%         2
 Portal Projectile        Hex/Tloc       4%         N/A       61%         3
 Leda's Liquefaction      Hex/Erth       1%         N/A       95%         4
 Petrify                  Tmut/Erth      2%         N/A       95%         4
 Irradiate                Conj/Tmut      1%         3d13      100%        5

Inventory:

Hand Weapons
 a - a +2 hunting sling {sling}
 b - a +2 spear of venom (weapon) {polearm}
   (You took it off Robin on level 2 of the Dungeon)
 j - a +0 short sword of venom {short}
   (You took it off a kobold on level 1 of the Dungeon)
 q - a +2 dagger of speed {short}
   (You found it on level 2 of the Dungeon)
Missiles
 n - 21 stones {throwing}
Armour
 c - a +0 cloak (worn)
 e - a +0 leather armour (worn)
 t - a +0 helmet (worn)
   (You took it off Robin on level 2 of the Dungeon)
Wands
 s - a wand of polymorph (7)
   (You took it off Robin on level 2 of the Dungeon)
Scrolls
 f - 3 scrolls of identify {unknown}
 l - a scroll of fog {unknown}
 p - a scroll of magic mapping {unknown}
 r - 2 scrolls of teleportation {@r4}
Potions
 d - a potion of brilliance
 g - 2 potions of lignification {unknown}
 h - a potion of degeneration {unknown}
 i - a potion of berserk rage {unknown}
 k - a potion of curing {unknown}
 m - a potion of cancellation {unknown}
 o - a potion of flight {unknown}

Dungeon Overview and Level Annotations

Branches:
Dungeon (3/15)

Altars:

..# #.# #.# +# #.#
... ####.# )...
##<##.# ...$.
#####...#.##......
...........@gg.....
######...#.##g.....
##.##.# .(...
####.# .... #.# ...
#.# +# #.# #.# #.#


You could see 3 gnolls.


Message History

b - a +2 spear of venom (weapon)
{polearm}
Things that are here:
a +0 dagger {short}; a +0 club {mace} You see here a +0 club {mace}.
Things that are here:
a +0 club {mace}; a goblin corpse A goblin comes into view.
It is wielding a +0 dagger.
A goblin is nearby!
You reach to attack!
You puncture the goblin!
You kill the goblin!
No target in view!
No target in view!
No target in view!
No target in view!
No target in view!
No target in view!
No target in view!
No target in view!
No target in view!
Things that are here:
a +0 dagger {short}; a goblin corpse Key pressed, stopping explore.
Done exploring.
Your +2 spear of venom {polearm} stops dripping with poison.
a - a +2 hunting sling (weapon)
{sling}
(D) Dungeon
Where to? (Enter - D:2, ? - help)
There is a stone staircase leading down here.
You climb downwards.
There is a stone staircase leading up here.
Unknown command.
Unknown command.
You open the door. 3 gnolls come into view.
There are monsters nearby!
There are monsters nearby!
There are monsters nearby!
You shoot a sling bullet. The sling bullet hits the gnoll!
The gnoll shouts! x2; You hear a shout!
A gnoll comes into view. It is wielding a +0 club.
You shoot a sling bullet. The sling bullet hits the gnoll.
You kill the gnoll!
You shoot a sling bullet. The sling bullet hits the gnoll.
You shoot a sling bullet.
The sling bullet barely misses the gnoll.
The sling bullet closely misses the gnoll.
The sling bullet barely misses the gnoll.
The gnoll closely misses you.
You shoot a sling bullet.
The sling bullet closely misses the gnoll.
The sling bullet hits the gnoll!
The gnoll hits you from afar with a +0 halberd.
You are too injured to fight recklessly!
You are too injured to fight recklessly!
You are too injured to fight recklessly!
You are too injured to fight recklessly! 😕 HP[-6]
You take 6 damage, and now have 28/34 hp.
You are too injured to fight recklessly!
You are too injured to fight recklessly!
You are too injured to fight recklessly!
You are too injured to fight recklessly!
You are too injured to fight recklessly!
You are too injured to fight recklessly!
You are too injured to fight recklessly!
You are too injured to fight recklessly!
You are too injured to fight recklessly!
You are too injured to fight recklessly!
You are too injured to fight recklessly!
You are too injured to fight recklessly!
You are too injured to fight recklessly!
You are too injured to fight recklessly!
You are too injured to fight recklessly!
You are too injured to fight recklessly!
You are too injured to fight recklessly!
You are too injured to fight recklessly!
You are too injured to fight recklessly!
You are too injured to fight recklessly!
You are too injured to fight recklessly!
Your +2 spear of venom {polearm} begins to drip with poison!
b - a +2 spear of venom (weapon)
{polearm} The gnoll closely misses you.
The gnoll misses you.
You hit the gnoll. The gnoll hits you with a +0 club.
The gnoll hits you from afar with a +0 halberd. 😮 HP[-5]
You take 5 damage, and now have 23/34 hp.
You are too injured to fight recklessly!
You closely miss the gnoll. You bite the gnoll, but do no damage.
The gnoll closely misses you. The gnoll misses you.
You barely miss the gnoll.
The gnoll hits you from afar with a +0 halberd!
* * * LOW HITPOINT WARNING * * *
The gnoll closely misses you. 😨 HP[-11]
You take 11 damage, and now have 12/34 hp.
MASSIVE DAMAGE!! (PAUSE) Unknown command.
You barely miss the gnoll. You punch the gnoll! The gnoll barely misses you.
The gnoll hits you from afar with a +0 halberd!
You die...

Skill      XL: |  1  2  3 |
---------------+----------+-----
Stealth        | 6 |  6.0
Invocations    | 1 |  1.2
Short Blades   | 1 |  1.1
Long Blades    | 1 |  1.1
Axes           | 1 |  1.1
Maces & Flails | 1 |  1.1
Polearms       | 1 |  1.1
Staves         | 1 |  1.1
Bows           | 1 |  1.1
Crossbows      | 1 |  1.1
Throwing       | 1 |  1.1
Armour         | 1 |  1.1
Dodging        | 1 |  1.1
Shields        | 1 |  1.1
Spellcasting   | 1 |  1.1
Evocations     | 1 |  1.1
Fighting       | |  2.7
Slings         | |  8.5
Unarmed Combat | |  4.6
Conjurations   | |  0.9
Hexes          | |  0.9
Summonings     | |  0.9
Necromancy     | |  0.9
Translocations | |  0.9
Transmutations | |  0.9
Fire Magic     | |  0.9
Ice Magic      | |  0.9
Air Magic      | |  0.9
Earth Magic    | |  0.9
Poison Magic   | |  0.9

Action                   |  1- 3 |  4- 6 || total
-------------------------+-------+-------++-------
Melee: Unarmed           |     3 |       ||     3
       Spear             |       |     5 ||     5
       Punch             |       |     1 ||     1
       Bite              |       |     1 ||     1
 Fire: Hunting sling     |    77 |    11 ||    88
Armor: Leather armour    |     3 |       ||     3
Dodge: Dodged            |     6 |     7 ||    13

Levels and vault maps discovered:
D:1:      grunt_arrival_lava_bath, layout_basic,
          hellmonk_ecumenical_altar_heavens_door, minivault_19,
          chequers_mini_garden, dreamdust_mushroom_princess
D:2:      layout_loops_ring, uniq_robin
D:3:      layout_loops_corners, uniq_crazy_yiuf_cottage

Notes
Turn   | Place    | Note
-------+----------+-------------------------------------------
     0 | D:1      | spaghetti the Gnoll Wanderer began the quest for the Orb.
     0 | D:1      | spaghetti set off with the following items: a +2 hunting
                  | sling {sling}, a scroll of teleportation {@r4}, a +0 cloak,
                  | a potion of brilliance, a +0 leather armour
     0 | D:1      | Reached XP level 1. HP: 17/17 MP: 1/1
     0 | D:1      | magus.rc [v1.9.6]
     2 | D:1      | You pick up a book of the Hunter and begin reading...
     2 | D:1      | You add the spells Call Canine Familiar, Portal Projectile
                  | and Leda's Liquefaction to your library.
   143 | D:1      | Found a faded altar of an unknown god.
   312 | D:1      | Reached XP level 2. HP: 23/23 MP: 2/2
   727 | D:2      | Reached XP level 3. HP: 28/28 MP: 3/3
   731 | D:2      | Learned a level 3 spell: Call Canine Familiar
   776 | D:2      | Reached skill level 6 in Stealth
   897 | D:2      | Reached skill level 1 in Invocations
  1041 | D:2      | Reached skill level 1 in Short Blades
  1041 | D:2      | Reached skill level 1 in Long Blades
  1041 | D:2      | Reached skill level 1 in Axes
  1041 | D:2      | Reached skill level 1 in Maces & Flails
  1041 | D:2      | Reached skill level 1 in Polearms
  1041 | D:2      | Reached skill level 1 in Staves
  1041 | D:2      | Reached skill level 1 in Bows
  1041 | D:2      | Reached skill level 1 in Crossbows
  1041 | D:2      | Reached skill level 1 in Throwing
  1041 | D:2      | Reached skill level 1 in Armour
  1041 | D:2      | Reached skill level 1 in Dodging
  1041 | D:2      | Reached skill level 1 in Shields
  1041 | D:2      | Reached skill level 1 in Spellcasting
  1041 | D:2      | Reached skill level 1 in Evocations
  1280 | D:2      | You pick up a book of Alchemy and begin reading...
  1280 | D:2      | You add the spells Sublimation of Blood, Petrify and
                  | Irradiate to your library.
  1409 | D:2      | Noticed Robin
  1411 | D:2      | Reached XP level 4. HP: 34/34 MP: 5/5
  1415 | D:2      | Killed Robin
  1608 | D:3      | Slain by a gnoll

Vanquished Creatures
  Robin (D:2)
  A gnoll (D:3)
  2 adders (D:2)
  A worm (D:2)
  A dart slug (D:1)
  An endoplasm (D:2)
  3 giant cockroaches
  6 goblins
  5 hobgoblins
  4 jackals (D:2)
  A quokka (D:2)
  4 bats
  2 kobolds (D:1)
  5 rats (D:2)
37 creatures vanquished.

Table legend:
 A = Non-vault XP
 B = Vault XP
 C = Vault XP percentage of total XP
 D = Non-vault monster count
 E = Vault monster count
 F = Vault count percentage of total count
                 A         B        C        D         E       F
            +---------+---------+-------+---------+---------+-------
      Total |      92 |      25 |  21.4 |      30 |       7 |  18.9
            +---------+---------+-------+---------+---------+-------
        D:1 |      16 |       0 |   0.0 |       8 |       0 |   0.0
        D:2 |      62 |      25 |  28.7 |      21 |       7 |  25.0
        D:3 |      14 |       0 |   0.0 |       1 |       0 |   0.0
            +---------+---------+-------+---------+---------+-------

Illustrated notes

Table legend:
 A = Kills in this place as a percentage of kills in entire the game.
 B = Kills by you in this place as a percentage of kills by you in the entire game.
 C = Kills by friends in this place as a percentage of kills by friends in the entire game.
 D = Other kills in this place as a percentage of other kills in the entire game.
 E = Experience gained in this place as a percentage of experience gained in the entire game.
 F = Experience gained in this place divided by the number of levels of this place that you have seen.
                   A       B       C       D       E      F
               +-------+-------+-------+-------+-------+----------------------
         Total | 100.0 | 100.0 |   N/A |   N/A | 100.0 |  39.0
       Dungeon | 100.0 | 100.0 |   N/A |   N/A | 100.0 |  39.0
               +-------+-------+-------+-------+-------+----------------------

Table legend: (Time is in decaauts)
 A = Elapsed time spent in this place.
 B = Non-inter-level travel time spent in this place.
 C = Inter-level travel time spent in this place.
 D = Time resting spent in this place.
 E = Time spent auto-exploring this place.
 F = Levels seen in this place.
 G = Mean time per level.
                   A        B        C        D        E       F      G
               +--------+--------+--------+--------+--------+-----+--------+
         Total |   1612 |   1551 |     61 |    227 |   1148 |   3 |  537.3 |
       Dungeon |   1612 |   1551 |     61 |    227 |   1148 |   3 |  537.3 |
               +--------+--------+--------+--------+--------+-----+--------+

Top non-repeatable levels by time:
     D:2: 901 daAuts
     D:1: 692 daAuts
     D:3: 17 daAuts
